 Dungeon Crawl Stone Soup version 0.29-a0-321-gf1c400731a (webtiles) character file.

Game seed: 8927073387541663953

187 YayAnonymity the Shield-Bearer (level 5, -4/41 HPs)
             Began as a Formicid Fighter on Apr 3, 2022.
             Killed by divine providence
             ... invoked by an orc priest
              (15 damage)
             ... on level 3 of the Dungeon.
             The game lasted 00:03:06 (2855 turns).

YayAnonymity the Shield-Bearer (Formicid Fighter)   Turns: 2855, Time: 00:03:07

Health: -4/41      AC:  7    Str: 22    XL:     5   Next: 99%
Magic:  5/5        EV:  9    Int:  8    God:
Gold:   100        SH:  4    Dex: 10    Spells: 4/4 levels left

rFire   . . .      SeeInvis +   l - +0 whip (freeze)
rCold   . . .      Faith    .   c - +0 buckler
rNeg    . . .      Spirit   .   b - +0 scale mail
rPois   .          Reflect  .   (helmet unavailable)
rElec   .          Harm     .   (no cloak)
rCorr   .          Rampage  .   (no gloves)
Will    .....                   (no boots)
Stlth   ..........              (no amulet)
HPRegen 0.13/turn               (no ring)
MPRegen 0.09/turn               (no ring)

@: no status effects
A: permanent stasis, dig shafts and tunnels, antennae 3, four strong arms
a: Dig, Shaft Self


You were on level 3 of the Dungeon.
You visited 1 branch of the dungeon, and saw 3 of its levels.

You collected 100 gold pieces.

Inventory:

Hand Weapons
 a - a +0 war axe
 l - a +0 whip of freezing (weapon)
Missiles
 q - 3 poisoned darts
Armour
 b - a +0 scale mail (worn)
 c - a +0 buckler (worn)
Jewellery
 o - a +6 ring of intelligence
Wands
 n - a wand of acid (7)
Scrolls
 f - a scroll of identify {unknown}
 g - a scroll of noise {unknown}
 i - 4 scrolls of vulnerability {unknown}
 j - a scroll of amnesia {unknown}
 m - a scroll of fog {unknown}
Potions
 d - a potion of might
 e - 2 potions of heal wounds {unknown}
 h - 2 potions of magic {unknown}
 k - 2 potions of cancellation {unknown}
 p - a potion of curing {unknown}


   Skills:
 - Level 3.2 Fighting
 * Level 4.2 Axes
 + Level 4.3 Armour
 + Level 4.8 Shields


You had 4 spell levels left.
You didn't know any spells.
Your spell library contained the following spells:

 Spells                   Type           Power      Damage    Failure   Level
 Slow                     Hex            0%         N/A       80%         1
 Confusing Touch          Hex            0%         N/A       99%         3
 Vampiric Draining        Necr           0%         2d6       99%         3


Dungeon Overview and Level Annotations

Branches:
Dungeon (3/15)

Altars:

Shops:
D:3 (


Innate Abilities, Weirdness & Mutations

You cannot be hasted, slowed, berserked, paralysed or teleported.
You can dig through walls and to a lower floor.
You have a pair of large antennae on your head. (SInv)
Your four strong arms can wield two-handed weapons with a shield.


Message History

You barely miss the orc. The orc hits you but does no damage.
The orc hits you but does no damage.
You hit the orc but do no damage. You hit the orc but do no damage.
The orc hits you with a +0 dagger. The orc hits you with a +0 whip.
You block the orc's attack. The orc hits you but does no damage.
You closely miss the orc. The orc hits you with a +0 dagger.
The orc hits you but does no damage.
You whack the orc! You freeze the orc.
You kill the orc!
The orc hits you but does no damage.
You hit the orc. You freeze the orc.
You kill the orc!
You hit the orc priest. You freeze the orc priest.
The orc priest is heavily wounded.
The orc priest hits you with a +0 flail.
You hit the orc priest but do no damage.
The orc priest is heavily wounded.
The orc priest hits you but does no damage.
You closely miss the orc priest.
The orc priest is heavily wounded.
The orc priest hits you with a +0 flail.
You closely miss the orc priest.
The orc priest is heavily wounded.
You hit the orc priest but do no damage.
The orc priest is heavily wounded.
The orc priest calls down the wrath of Beogh upon you.
Pain shoots through your body!
The orc priest calls down the wrath of Beogh upon you.
Pain shoots through your body!
* * * LOW HITPOINT WARNING * * *
You are too injured to fight recklessly!
You hit the orc priest. You freeze the orc priest.
The orc priest is severely wounded.
You closely miss the orc priest.
The orc priest is severely wounded.
You block the orc priest's attack.
The orc priest invokes the aid of Beogh against you.
Beogh smites you!
You die...

..#...# #...###.#.#
......
..########....♣#.#..
..# #...'..♣.∩.♣###
..####.###...#♣..#{.{
..'..........#.#.#.#
..####.####.##.#.#.#
..# #.# #.##.#.#.#
### #.# #.##.#.#.#
#.# #.##..@#?# #.#
#.....)o.# #.#
########## #..


You could see an orc priest.

Vanquished Creatures
  2 orc priests
  An orc wizard (D:2)
  Robin (D:2)
  2 adders
  2 worms (D:2)
  5 orcs
  4 ball pythons (D:2)
  5 endoplasms
  12 goblins
  9 hobgoblins
  3 kobolds
  3 quokkas
  3 bats
  3 frilled lizards (D:1)
  6 rats
61 creatures vanquished.

Notes
Turn   | Place    | Note
-------+----------+-------------------------------------------
     0 | D:1      | YayAnonymity the Formicid Fighter began the quest for the
                  | Orb.
     0 | D:1      | Reached XP level 1. HP: 18/18 MP: 1/1
   174 | D:1      | Reached XP level 2. HP: 15/24 MP: 2/2
   685 | D:1      | Found a faded altar of an unknown god.
   850 | D:1      | Reached XP level 3. HP: 29/29 MP: 3/3
  1094 | D:2      | Noticed Robin
  1509 | D:2      | Killed Robin
  1510 | D:2      | Reached XP level 4. HP: 20/35 MP: 4/4
  2441 | D:2      | Reached XP level 5. HP: 36/41 MP: 5/5
  2824 | D:3      | Found Raegri's Weapon Emporium.
  2855 | D:3      | Killed from afar by an orc priest

Illustrated notes

Levels and vault maps discovered:
D:1:      eino_arrival_cavern_e, layout_basic, ebering_ecumenical_altar_mist
D:2:      layout_basic, uniq_robin
D:3:      layout_basic, serial_shops, nicolae_shop_trees,
          dreamdust_princess_bridge

Skill      XL: |  1  2  3  4  5 |
---------------+----------------+-----
Shields        | 4 |  4.8
Axes           | 3 4 |  4.2
Armour         | 4 |  4.3
Fighting       | |  3.2

Action                   |  1- 3 |  4- 6 || total
-------------------------+-------+-------++-------
Melee: War axe           |    83 |       ||    83
       Whip              |       |   113 ||   113
Armor: Scale mail        |    38 |    50 ||    88
Dodge: Dodged            |    50 |    41 ||    91
Block: Buckler           |    18 |    20 ||    38

Table legend: (Time is in decaauts)
 A = Elapsed time spent in this place.
 B = Non-inter-level travel time spent in this place.
 C = Inter-level travel time spent in this place.
 D = Time resting spent in this place.
 E = Time spent auto-exploring this place.
 F = Levels seen in this place.
 G = Mean time per level.
                   A        B        C        D        E       F      G
               +--------+--------+--------+--------+--------+-----+--------+
         Total |   2894 |   2814 |     80 |    688 |   1671 |   3 |  964.7 |
       Dungeon |   2894 |   2814 |     80 |    688 |   1671 |   3 |  964.7 |
               +--------+--------+--------+--------+--------+-----+--------+

Top non-repeatable levels by time:
     D:1: 1515 daAuts
     D:2: 1214 daAuts
     D:3: 164 daAuts
